 Dungeon Crawl Stone Soup version 0.28-a0-1447-ga5a8893891 (webtiles) character file.

Game seed: 11490988381516743175

175 porpoise the Sneak (level 5, -4/43 HPs)
             Began as a Demonspawn Brigand on Jan 11, 2022.
             Slain by a phantom (6 damage)
             ... on level 3 of the Dungeon.
             The game lasted 00:08:45 (3804 turns).

porpoise the Sneak (Demonspawn Brigand)             Turns: 3804, Time: 00:08:46

Health: -4/43      AC:  6    Str: 13    XL:     5   Next: 29%
Magic:  5/5        EV: 11    Int: 12    God:
Gold:   99         SH:  0    Dex: 15    Spells: 4/4 levels left

rFire   . . .      SeeInvis .   a - +2 dagger
rCold   . . .      Faith    .   (no shield)
rNeg    + + .      Spirit   .   h - +0 leather armour
rPois   .          Reflect  .   (helmet restricted)
rElec   .          Harm     .   c - +1 cloak
rCorr   .          Rampage  .   (no gloves)
Will    .....                   r - +0 pair of boots
Stlth   +++.......              (no amulet)
HPRegen 0.14/turn               i - ring of positive energy
MPRegen 0.09/turn               k - ring of positive energy

@: no status effects
A: hooves 1, horns 1, demonic guardian 1, weakness stinger 1
a: no special abilities


You were on level 3 of the Dungeon.
You visited 1 branch of the dungeon, and saw 3 of its levels.

You collected 99 gold pieces.

Inventory:

Hand Weapons
 a - a +2 dagger (weapon)
Missiles
 d - 8 poisoned darts (quivered)
 e - 2 curare-tipped darts
 f - 63 stones
 n - 24 bolts
 o - 33 arrows
Armour
 c - a +1 cloak (worn)
 h - a +0 leather armour (worn)
 p - an orb of wrath
 r - a +0 pair of boots (worn)
Jewellery
 i - a ring of positive energy (left hand)
 k - a ring of positive energy (right hand)
Scrolls
 j - a scroll of identify {unknown}
 q - a scroll of teleportation
Potions
 b - a potion of flight {unknown}
 g - a potion of ambrosia {unknown}
 l - 2 potions of cancellation {unknown}
 m - a potion of degeneration {unknown}
 s - a potion of attraction {unknown}


   Skills:
 * Level 4.6 Fighting
 - Level 2.0 Short Blades
 - Level 1.7 Throwing
 - Level 0.8 Dodging
 + Level 4.6 Stealth


You had 4 spell levels left.
You didn't know any spells.
Your spell library was empty.

Dungeon Overview and Level Annotations

Branches:
Dungeon (3/15)

Altars:
Qazlal


Innate Abilities, Weirdness & Mutations

You have large cloven feet.
You have a pair of small horns on your head.
A weak demonic guardian rushes to your aid.
You have a small tail.


Message History

The phantom closely misses you.
You hit the phantom but do no damage.
You headbutt the phantom, but do no damage.
The phantom is almost destroyed.
You barely miss the phantom.
The phantom is almost destroyed.
The phantom hits you.
The phantom blinks!
You blink.
The phantom hits you.
The phantom blinks!
You blink.
You closely miss the phantom.
You headbutt the phantom, but do no damage.
The phantom is almost destroyed.
The phantom hits you!
* * * LOW HITPOINT WARNING * * *
You miss the phantom.
The phantom is almost destroyed.
The phantom hits you!
* * * LOW HITPOINT WARNING * * *
A demonic guardian appears!
The phantom blinks!
You blink.
You miss the phantom.
The phantom is almost destroyed.
The phantom hits you but does no damage.
You closely miss the phantom. Your headbutt misses the phantom.
Your tail-slap misses the phantom.
The phantom is almost destroyed.
Your white imp gestures at the phantom.
The puff of frost hits the phantom.
The phantom resists.
Your white imp gestures at the phantom.
The puff of frost hits the phantom.
The phantom resists.
Your white imp closely misses the phantom.
The phantom hits your white imp.
The phantom blinks!
Your white imp blinks!
Your white imp barely misses the phantom.
The phantom hits your white imp.
The phantom blinks!
Your white imp blinks!
Your white imp hits the phantom but does no damage.
The phantom hits your white imp!
Your white imp dies!
Your white imp disappears in a puff of smoke!
The phantom hits you.
You die...

#....#...........PP.P..###).
#....[..##...#.P...........#
#.......##.ยง.#....P........#
#.......##...#.........#.###
#...^...#......P...P.P...###
#....................P.....#
#####...>#.#.....PP....###..
#......#...........##...
#...##.@..............#.
#...#..W.#..######.#..[.
#......#..#..#####....##
#..........#..##.....##
####....)..##.......##
######.........##.......#
#.>....##......##.......#
#....####.......<.......#
#...## #......##.......#


You could see a phantom.

Vanquished Creatures
  6 adders
  3 gnolls
  3 worms
  2 orcs (D:3)
  7 bats
  6 endoplasms
  A giant cockroach (D:2)
  5 goblins
  7 hobgoblins
  2 jackals (D:1)
  2 quokkas
  5 ball pythons
  3 frilled lizards
  2 kobolds (D:1)
  13 rats
67 creatures vanquished.

Vanquished Creatures (collateral kills)
  2 river rats (D:3)
2 creatures vanquished.

Vanquished Creatures (others)
  6 plants (D:3)
6 creatures vanquished.

Grand Total: 75 creatures vanquished

Notes
Turn   | Place    | Note
-------+----------+-------------------------------------------
     0 | D:1      | porpoise the Demonspawn Brigand began the quest for the
                  | Orb.
     0 | D:1      | Reached XP level 1. HP: 16/16 MP: 1/1
   335 | D:1      | Discovered your monstrous ancestry.
   335 | D:1      | Gained mutation: You have large cloven feet. [demonic
                  | ancestry]
   335 | D:1      | Reached XP level 2. HP: 23/23 MP: 2/2
  1297 | D:1      | Found a faded altar of an unknown god.
  1395 | D:2      | Gained mutation: You have a pair of small horns on your
                  | head. [demonic ancestry]
  1395 | D:2      | Reached XP level 3. HP: 29/29 MP: 3/3
  2572 | D:3      | Found a stormy altar of Qazlal.
  2572 | D:3      | Noticed an air elemental
  2573 | D:3      | Noticed an earth elemental
  2573 | D:3      | Noticed a water elemental
  2573 | D:3      | Noticed a fire elemental
  2594 | D:3      | Gained mutation: A weak demonic guardian rushes to your
                  | aid. [demonic ancestry]
  2594 | D:3      | Reached XP level 4. HP: 25/37 MP: 4/4
  3299 | D:3      | Gained mutation: You have a small tail. [demonic ancestry]
  3299 | D:3      | Reached XP level 5. HP: 32/43 MP: 5/5
  3767 | D:3      | Noticed a phantom
  3797 | D:3      | HP: 1/43 [phantom (8)]
  3804 | D:3      | Slain by a phantom

Illustrated notes

Levels and vault maps discovered:
D:1:      dpeg_arrival_simpleton_a, layout_basic,
          shapermc_ecumenical_altar_mp_vishouse
D:2:      layout_basic
D:3:      layout_rooms, nicolae_qazlal_style_of_elements,
          lightli_sewer_entry_pipes, nicolae_grassy_gnolls

Skill      XL: |  1  2  3  4 |
---------------+-------------+-----
Short Blades   | 2 |  2.0
Fighting       | 3 4 |  4.6
Stealth        | 4 |  4.6
Throwing       | |  1.7
Dodging        | |  0.8

Action                   |  1- 3 |  4- 6 || total
-------------------------+-------+-------++-------
Melee: Dagger            |   122 |   132 ||   254
       Kick              |    29 |    15 ||    44
       Punch             |     2 |       ||     2
       Headbutt          |     5 |    20 ||    25
       Tailslap          |       |     5 ||     5
  Use: Scroll            |     2 |     1 ||     3
 Stab: Sleeping          |     4 |       ||     4
Armor: Robe              |     7 |       ||     7
       Leather armour    |    19 |    38 ||    57
Dodge: Dodged            |    53 |    83 ||   136

Table legend: (Time is in decaauts)
 A = Elapsed time spent in this place.
 B = Non-inter-level travel time spent in this place.
 C = Inter-level travel time spent in this place.
 D = Time resting spent in this place.
 E = Time spent auto-exploring this place.
 F = Levels seen in this place.
 G = Mean time per level.
                   A        B        C        D        E       F      G
               +--------+--------+--------+--------+--------+-----+--------+
         Total |   3818 |   3752 |     66 |   1743 |   1203 |   3 | 1272.7 |
       Dungeon |   3818 |   3752 |     66 |   1743 |   1203 |   3 | 1272.7 |
               +--------+--------+--------+--------+--------+-----+--------+

Top non-repeatable levels by time:
     D:2: 1571 daAuts
     D:1: 1385 daAuts
     D:3: 861 daAuts
